 Dungeon Crawl Stone Soup version 0.23-a0-61-g4bf3f6c (webtiles) character file.

1788 Gergoth the Skirmisher (level 9, -14/59 HPs)
             Began as a Gargoyle Gladiator on Aug 9, 2018.
             Was an Initiate of Wu Jian.
             Demolished by an orc warrior
             ... wielding a +0 trident
              (17 damage)
             ... on level 5 of the Dungeon.
             The game lasted 00:12:41 (6480 turns).

Gergoth the Skirmisher (Gargoyle Gladiator)         Turns: 6480, Time: 00:12:42

Health: -14/59     AC: 16    Str: 21    XL:     9   Next: 8%
Magic:  16/16      EV: 11    Int: 11    God:    Wu Jian [......]
Gold:   318        SH:  0    Dex: 11    Spells: 12/18 levels left

rFire    . . .     SeeInvis .   a - +0 flail
rCold    . . .     Gourm    .   (no shield)
rNeg     + . .     Faith    .   h - +0 ring mail
rPois    ∞         Spirit   .   c - +1 helmet
rElec    +         Reflect  .   (no cloak)
rCorr    .         Harm     .   s - +0 pair of gloves
MR       .....                  k - +1 pair of boots
Stlth    +.........             y - amulet of the acrobat
HPRegen  0.19/turn              j - +2 ring of strength
MPRegen  0.15/turn              (no ring)

@: no status effects
A: negative energy resistance 1, electricity resistance, unbreathing,
petrification resistance, rot immunity, AC +6
a: Renounce Religion


You were on level 5 of the Dungeon.
You worshipped Wu Jian.
Wu Jian was noncommittal.
You were very hungry.

You visited 2 branches of the dungeon, and saw 8 of its levels.

You collected 318 gold pieces.

Inventory:

Hand Weapons
 a - a +0 flail (weapon)
Missiles
 d - 3 throwing nets (quivered)
Armour
 c - a +1 helmet (worn)
 h - a +0 ring mail (worn)
 k - a +1 pair of boots (worn)
 s - a +0 pair of gloves (worn)
Jewellery
 g - an uncursed ring of flight {unknown}
 j - a +2 ring of strength (left hand)
 x - a cursed amulet of inaccuracy
 y - an amulet of the acrobat (around neck)
 E - a +2 ring of dexterity {unknown}
 H - an uncursed ring of protection from cold {unknown}
 I - a +2 ring of evasion {unknown}
Wands
 A - a wand of enslavement (15)
 C - a wand of paralysis (10)
Scrolls
 e - 4 scrolls of identify
 n - a scroll of fear
 p - a scroll of random uselessness {unknown}
 q - 2 scrolls of magic mapping {unknown}
 t - 3 scrolls of remove curse {unknown}
 u - 3 scrolls of teleportation {unknown}
 v - 3 scrolls of immolation {unknown}
 D - a scroll of fog {unknown}
 F - a scroll of blinking {unknown}
Potions
 b - a potion of experience {unknown}
 i - a potion of brilliance
 l - a potion of berserk rage {unknown}
 m - a potion of haste
 o - 2 potions of degeneration {unknown}
 r - 3 potions of magic
 w - 6 potions of curing {unknown}
 z - a potion of flight {unknown}
 B - a potion of cancellation {unknown}
 G - a potion of heal wounds {unknown}
Comestibles
 f - 11 rations


   Skills:
 + Level 7.9 Fighting
 + Level 7.5 Maces & Flails
 - Level 1.7 Throwing
 - Level 2.4 Dodging
 + Level 5.2 Spellcasting


You had 12 spell levels left.
You knew the following spells:

 Your Spells              Type           Power        Failure   Level  Hunger
a - Corpse Rot            Necr           N/A          47%         2    ##.....
b - Fulminant Prism       Conj/Hex       #.........   98%         4    ####...

Your spell library contained the following spells:

 Spells                   Type           Power        Failure   Level  Hunger
 Magic Dart               Conj           #...         34%         1    None
 Apportation              Tloc           #.....       34%         1    None
 Summon Small Mammal      Summ           #...         34%         1    None
 Bolt of Draining         Conj/Necr      #.........   100%        5    ######.
 Iskenderun's Mystic Bla  Conj           #.......     98%         4    ####...
 Animate Skeleton         Necr           N/A          34%         1    None
 Dispel Undead            Necr           #.......     100%        5    ######.
 Sublimation of Blood     Necr           #.........   47%         2    ##.....
 Agony                    Necr           #.......     100%        5    ######.
 Confusing Touch          Hex            #.....       34%         1    None
 Excruciating Wounds      Chrm/Necr      #.........   100%        5    ######.
 Dazzling Spray           Conj/Hex       #.....       71%         3    ###....
 Force Lance              Conj/Tloc      #.......     98%         4    ####...
 Searing Ray              Conj           #.....       47%         2    ##.....


Dungeon Overview and Level Annotations

Branches:
Dungeon (7/15)             Temple (1/1) D:7

Altars:
Ashenzari
Dithmenos
Elyvilon
Gozag
Hepliaklqana
Kikubaaqudgha
Makhleb
Nemelex Xobeh
Okawaru
Sif Muna
Trog
Vehumet
Wu Jian
Xom
Zin
The Shining One
Lugonu

Annotations:
D:5 Prince Ribbit


Innate Abilities, Weirdness & Mutations

You are resistant to torment.
Your stone body is resilient. (AC +6)
You are immune to poison.
You resist negative energy. (rN+)
You are resistant to electric shocks. (rElec)
You can survive without breathing.
You are immune to petrification.
You are immune to rotting.


Message History

You sock the orc warrior!
The orc warrior is severely wounded.
The orc warrior hits you with a trident.
You hit the orc warrior.
The orc warrior is almost dead.
The orc warrior hits you with a trident!
* * * LOW HITPOINT WARNING * * *
You closely miss the orc warrior.
The orc warrior is almost dead.
You hit the orc warrior.
The orc warrior is almost dead.
The orc warrior hits you but does no damage.
You barely miss the orc warrior.
The orc warrior is almost dead.
The orc warrior hits you with a trident.
* * * LOW HITPOINT WARNING * * *
You closely miss the orc warrior.
The orc warrior is almost dead.
The orc warrior hits you with a trident!
You die...

......# .###..#.##.#.#
......# ......[)##.#.#
#.###.# #[##.#.# #.# #.#
#.##.#.########## ..###.#
#....(.........)## ..##..#
#.(#...###.####... ..##..#
#.##.............§ ..##..#
#)###.####.####.<.
......##########@###.####.#
##..#
#.##............o(...<....#
#....
#.##########......>.......#
#...# #.# #...#####.######
#...# #.# ##.##
##.########...# #.# #.#
##...........(.# #.#
#.####.#.#.#####....# #.#
#......#.#.........>#
######.#.#.#####....#


You could see an orc warrior.

Vanquished Creatures
  A water moccasin (D:7)
  An orc warrior (D:6)
  A black bear (D:7)
  A centaur (D:6)
  An ogre (D:6)
  2 scorpions (D:4)
  2 howler monkeys
  An electric eel (D:7)
  A crimson imp (D:5)
  3 hounds (D:4)
  3 jellies
  A centaur skeleton (D:4)
  3 orc priests
  6 orc wizards
  Jessica (D:7)
  2 iguanas
  9 worker ants
  A hound skeleton (D:5)
  A howler monkey skeleton (D:4)
  6 adders
  8 gnolls
  2 shadow imps (D:5)
  3 oozes
  An adder skeleton (D:6)
  4 worms
  3 dart slugs
  4 leopard geckos
  22 orcs
  8 bats
  6 giant cockroaches
  8 goblins
  6 hobgoblins
  7 jackals
  6 quokkas
  2 ball pythons (D:2)
  2 frilled lizards
  11 kobolds
  2 quokka skeletons
  7 rats
159 creatures vanquished.

Vanquished Creatures (others)
  An adder skeleton (D:7)
1 creature vanquished.

Grand Total: 160 creatures vanquished

Notes
Turn   | Place    | Note
-------+----------+-------------------------------------------
     0 | D:1      | Gergoth the Gargoyle Gladiator began the quest for the Orb.
     0 | D:1      | Reached XP level 1. HP: 12/12 MP: 1/1
   140 | D:1      | Reached XP level 2. HP: 13/18 MP: 2/2
   552 | D:1      | Reached XP level 3. HP: 23/23 MP: 3/3
  1067 | D:2      | Reached XP level 4. HP: 15/29 MP: 4/4
  1578 | D:3      | Reached XP level 5. HP: 30/33 MP: 5/5
  1768 | D:3      | Learned a level 2 spell: Corpse Rot
  1787 | D:3      | Found a shimmering altar of Xom.
  1788 | D:3      | Found a hazy altar of Hepliaklqana.
  1793 | D:3      | Noticed a spectral ugly thing
  1955 | D:3      | Found a shattered altar of Ashenzari.
  2272 | D:4      | Reached skill level 1 in Spellcasting
  2272 | D:4      | Reached XP level 6. HP: 34/40 MP: 7/7
  2325 | D:4      | Reached skill level 5 in Fighting
  2325 | D:4      | Reached skill level 5 in Maces & Flails
  2529 | D:4      | Found a burning altar of Makhleb.
  2535 | D:4      | Reached XP level 7. HP: 42/44 MP: 10/10
  3036 | D:5      | Entered Level 5 of the Dungeon
  3059 | D:5      | Noticed Prince Ribbit
  3993 | D:6      | Reached XP level 8. HP: 52/52 MP: 13/13
  4761 | D:6      | Found a sparkling altar of Nemelex Xobeh.
  5235 | D:7      | Learned a level 4 spell: Fulminant Prism
  5858 | D:7      | Reached skill level 5 in Spellcasting
  5858 | D:7      | Reached XP level 9. HP: 44/58 MP: 16/16
  6072 | D:7      | Noticed Jessica
  6087 | D:7      | Killed Jessica
  6095 | D:7      | Found a deep blue altar of Sif Muna.
  6134 | D:7      | Found a staircase to the Ecumenical Temple.
  6298 | Temple   | Entered the Ecumenical Temple
  6375 | Temple   | Became a worshipper of the Wu Jian Council
  6480 | D:5      | Demolished by an orc warrior

Vault maps used:
D:1:      dpeg_arrival_central, hangedman_decor_push
D:2:      minmay_curled_crystal
D:3:      regret_index_temple_of_mockery, nicolae_ashenzari_panopticon,
          kennysheep_generic_room_16
D:4:      first_ration, makhleb_heckhound_becter
D:5:      guppyfry_early_orc_mine, uniq_ijyb, uniq_prince_ribbit1
D:6:      kennysheep_little_box, st_stairs_2, minmay_holes
D:7:      tgw_sif, minmay_temple_entry_glassed_door, water_boxes_lemuel
Temple:   kb_corrupted_temple

Skill      XL: |  1  2  3  4  5  6  7  8 |
---------------+-------------------------+-----
Fighting       | 3 4 5 6 7 |  7.9
Maces & Flails | 4 5 6 7 |  7.5
Spellcasting   | 1 2 3 5 |  5.2
Throwing       | |  1.7
Dodging        | |  2.4

Action                   |  1- 3 |  4- 6 |  7- 9 || total
-------------------------+-------+-------+-------++-------
Melee: Flail             |   135 |   179 |   412 ||   726
Invok: Lunge             |       |       |     2 ||     2
Evoke: Wand              |       |       |     2 ||     2
  Use: Scroll            |       |       |    12 ||    12
 Stab: Paralysed         |       |       |     9 ||     9
  Eat: Chunk             |     1 |     5 |    12 ||    18
Armor: Ring mail         |   110 |    97 |   186 ||   393
       Leather armour    |     6 |       |       ||     6
Dodge: Dodged            |   153 |   103 |   260 ||   516

Table legend:
 A = Non-vault XP
 B = Vault XP
 C = Vault XP percentage of total XP
 D = Non-vault monster count
 E = Vault monster count
 F = Vault count percentage of total count
 G = Total turns spent on level
                 A         B        C        D         E       F
            +---------+---------+-------+---------+---------+-------
      Total |    2370 |     185 |   7.2 |     149 |      10 |   6.3
            +---------+---------+-------+---------+---------+-------
        D:1 |      43 |       0 |   0.0 |      22 |       0 |   0.0
        D:2 |      81 |       0 |   0.0 |      29 |       0 |   0.0
        D:3 |     138 |       5 |   3.5 |      26 |       1 |   3.7
        D:4 |     538 |      40 |   6.9 |      17 |       1 |   5.6
        D:5 |     277 |      90 |  24.5 |      20 |       6 |  23.1
        D:6 |     659 |      13 |   1.9 |      17 |       1 |   5.6
        D:7 |     634 |      37 |   5.5 |      18 |       1 |   5.3
            +---------+---------+-------+---------+---------+-------
